AoeStats
← CORP | Diego_Corsant

Hideout

510265381Analyzed
1v1 RM · 1d ago on Sep 30, 2026· 26m 59s· 2 players
Game mode
Random Map
Map size
Tiny (2 player)
Population
200
Speed
Normal
Resources
Standard
Victory
Conquest
Starting age
Dark Age
Ending age
Imperial Age
RankedLock teamsTeams togetherTeam positionsShared explorationLock speedFull tech treeHidden civsTurbo modeCheats
Victory
Defeat
🇺🇸 Saracens · United States
1668
+13
🇨🇳 Varangians · China
1596
-13
CORP | Diego_Corsant
11:38 Feudal Age
15:39 Castle Age
15:01 Fletching
15:01 Double-Bit Axe
15:41 Crossbowman
17:24 Bodkin Arrow
23:33 Bow Saw
23:16 Horse Collar
Despair
10:29 Feudal Age
11:05 Loom
12:04 Double-Bit Axe
12:01 Horse Collar
12:16 Horse Collar
19:39 Castle Age
18:52 Fletching
20:08 Padded Archer Armor
Connection lost

Rejoining the realm…

Still unreachable

The connection could not be restored.

Session expired

The server has moved on; the page needs a fresh start.